 Dungeon Crawl Stone Soup version 0.21-a0-516-gaaff437 (webtiles) character file.

658 Lanoc the Chopper (level 7, -1/90 HPs)
             Began as a Gnoll Chaos Knight on Dec 3, 2017.
             Succumbed to a hornet's poison
             ... on level 5 of the Dungeon.
             The game lasted 00:16:25 (4163 turns).

Lanoc the Chopper (Gnoll Chaos Knight)              Turns: 4163, Time: 00:16:25

Health: -1/90      AC: 23    Str: 16    XL:     7   Next: 55%
Magic:  10/10      EV:  2    Int: 17    God:    Xom [..*...]
Gold:   199        SH:  0    Dex: 21    Spells: 11/11 levels left

rFire    . . .     SeeInvis .   j - +6 war axe (freeze)
rCold    . . .     Gourm    .   (no shield)
rNeg     + + +     Faith    .   (armour currently unavailable)
rPois    +         Spirit   .   (helmet currently unavailable)
rElec    .         Reflect  .   (cloak currently unavailable)
rCorr    .         Harm     .   (gloves currently unavailable)
MR       .....     NoTele   +   (boots currently unavailable)
Stlth    ++++......             (no amulet)
HPRegen  0.25/turn              (no ring)
MPRegen  0.12/turn              (no ring)

@: agile, lethally poisoned (-1 -> -18), tree-form, slowed, very slow
A: distributed training, thin skeletal structure 1, clever 1, strong nose
a: Renounce Religion


You were on level 5 of the Dungeon.
You worshipped Xom.
You were a toy of Xom.
You were not hungry.
You were a tree.
You visited 1 branch of the dungeon, and saw 5 of its levels.

You collected 199 gold pieces.

Inventory:

Hand Weapons
 j - a +6 war axe of freezing (weapon)
Missiles
 e - 24 poisoned needles
 f - 5 needles of paralysis
Armour
 i - a +0 pair of gloves (melded)
 n - a +2 leather armour of cold resistance (melded)
Wands
 b - a wand of polymorph (9)
Scrolls
 l - 3 scrolls of remove curse
 m - a scroll of identify
Potions
 o - a potion of lignification
 p - a potion of haste {unknown}
Comestibles
 c - 6 bread rations
 d - 3 fruits
 g - a chunk of flesh
 h - a meat ration
 q - a royal jelly


   Skills:
 + Level 7.0 Fighting
 + Level 2.5 Short Blades
 + Level 2.5 Long Blades
 + Level 7.0 Axes
 + Level 2.5 Maces & Flails
 + Level 2.5 Polearms
 + Level 2.5 Staves
 + Level 2.5 Slings
 + Level 2.5 Bows
 + Level 2.5 Crossbows
 + Level 2.5 Throwing
 + Level 5.2 Armour
 + Level 3.6 Dodging
 + Level 2.5 Stealth
 + Level 2.5 Shields
 + Level 2.5 Unarmed Combat
 + Level 2.5 Spellcasting
 + Level 2.0 Conjurations
 + Level 2.0 Hexes
 + Level 2.0 Charms
 + Level 2.0 Summonings
 + Level 2.0 Necromancy
 + Level 2.0 Translocations
 + Level 2.0 Transmutations
 + Level 2.0 Fire Magic
 + Level 2.0 Ice Magic
 + Level 2.0 Air Magic
 + Level 2.0 Earth Magic
 + Level 2.0 Poison Magic
 + Level 2.8 Invocations
 + Level 2.5 Evocations


You had 11 spell levels left.
You didn't know any spells.

Dungeon Overview and Level Annotations

Branches:
Dungeon (5/15)             Temple (0/1) D:5

Altars:
Xom


Innate Abilities, Weirdness & Mutations

Your experience applies equally to all skills.
((You have very sharp teeth.))
Your uncanny sense of smell can sniff out nearby items.
You have a somewhat thin skeletal structure. (Dex +2, Stealth)
Your mind is acute. (Int +2)


Message History

The bullfrog zombie barely misses you. The hornet stings you.
* * * LOW HITPOINT WARNING * * *
You feel as though you will be slow longer.
The bullfrog zombie barely misses you. The hornet stings you.
* * * LOW HITPOINT WARNING * * *
You feel as though you will be slow longer.
It was a potion of agility.
You feel agile all of a sudden.
* * * LOW HITPOINT WARNING * * *
You feel very sick. The hornet closely misses you.
The bullfrog zombie closely misses you. The hornet misses you.
The bullfrog zombie hits you but does no damage.
An ogre comes into view. It is wielding a giant spiked club.
It was a potion of lignification.
You turn into a tree.
Your +0 pair of gloves melds into your body.
Your +2 leather armour of cold resistance melds into your body.
You feel less resistant to cold.
Your roots penetrate the ground.
You die...
Xom laughs nastily!

##.##.#.##.#
##.##.#.##.## ### .#
##........... .....#
...##......## .O...#
...##......# #.#..##
...##..#.....∆
#.#... ...##......##
#...#
...##......#####yZ.#
...#######......♣.#
...# ########.# ...#
#.# ...#### #.#
......# #########.#
#####.# #.........#
#.###.#...#...#
#.#....#.#....# ∆
#.......>....##


You could see a hornet, an ogre (wandering) and a bullfrog zombie.

Vanquished Creatures
  2 ogres (D:4)
  A phantom (D:4)
  2 scorpions
  A crimson imp (D:4)
  A hound (D:5)
  An orc priest (D:3)
  4 gnolls
  5 adders
  2 oozes
  2 worms (D:2)
  2 leopard geckos
  17 orcs
  9 giant cockroaches
  8 goblins
  5 hobgoblins
  9 jackals
  A quokka (D:5)
  A ball python (D:3)
  9 bats
  7 frilled lizards
  6 kobolds
  7 rats
  3 fungi (D:1)
105 creatures vanquished.

Vanquished Creatures (collateral kills)
  A giant cockroach (D:4)
1 creature vanquished.

Grand Total: 106 creatures vanquished

Notes
Turn   | Place    | Note
-------+----------+-------------------------------------------
     0 | D:1      | Lanoc the Gnoll Chaos Knight began the quest for the Orb.
     0 | D:1      | Reached XP level 1. HP: 23/23 MP: 1/1
   116 | D:1      | XOM: divination: detect items
   181 | D:1      | Reached XP level 2. HP: 29/29 MP: 2/2
   375 | D:1      | Reached XP level 3. HP: 10/35 MP: 3/3
   653 | D:1      | XOM: harmless Conj miscast
   723 | D:1      | XOM: harmless Fire miscast
  1006 | D:1      | XOM: give mutations
  1006 | D:1      | Gained mutation: You are surrounded by a mild repulsion field. (EV +2) [Xom's grace]
  1006 | D:1      | Gained mutation: You are robust. (+10% HP) [Xom's grace]
  1209 | D:2      | XOM: 2-stop teleportation journey
  1228 | D:2      | Reached skill level 1 in Invocations
  1422 | D:2      | Reached skill level 1 in Short Blades
  1422 | D:2      | Reached skill level 1 in Long Blades
  1422 | D:2      | Reached skill level 1 in Maces & Flails
  1422 | D:2      | Reached skill level 1 in Polearms
  1422 | D:2      | Reached skill level 1 in Staves
  1422 | D:2      | Reached skill level 1 in Slings
  1422 | D:2      | Reached skill level 1 in Bows
  1422 | D:2      | Reached skill level 1 in Crossbows
  1422 | D:2      | Reached skill level 1 in Throwing
  1422 | D:2      | Reached skill level 1 in Stealth
  1422 | D:2      | Reached skill level 1 in Shields
  1422 | D:2      | Reached skill level 1 in Unarmed Combat
  1422 | D:2      | Reached skill level 1 in Spellcasting
  1422 | D:2      | Reached skill level 1 in Evocations
  1427 | D:2      | Reached XP level 4. HP: 45/45 MP: 5/5
  1762 | D:2      | XOM: summons 1 hostile demon
  1901 | D:3      | Lost mutation: You are robust. (+10% HP) [potion of mutation]
  1901 | D:3      | Lost mutation: You are surrounded by a mild repulsion field. (EV +2) [potion of mutation]
  1901 | D:3      | Gained mutation: You have a somewhat thin skeletal structure. (Dex +2, Stealth) [potion of mutation]
  1901 | D:3      | Gained mutation: Your mind is acute. (Int +2) [potion of mutation]
  1902 | D:3      | XOM: confusion (+ monsters)
  2203 | D:3      | XOM: cast spell 'Alistair's Intoxication'
  2214 | D:3      | XOM: divination: detect items
  2233 | D:2      | Reached skill level 1 in Conjurations
  2233 | D:2      | Reached skill level 1 in Hexes
  2233 | D:2      | Reached skill level 1 in Charms
  2233 | D:2      | Reached skill level 1 in Summonings
  2233 | D:2      | Reached skill level 1 in Necromancy
  2233 | D:2      | Reached skill level 1 in Translocations
  2233 | D:2      | Reached skill level 1 in Transmutations
  2233 | D:2      | Reached skill level 1 in Fire Magic
  2233 | D:2      | Reached skill level 1 in Ice Magic
  2233 | D:2      | Reached skill level 1 in Air Magic
  2233 | D:2      | Reached skill level 1 in Earth Magic
  2233 | D:2      | Reached skill level 1 in Poison Magic
  2347 | D:2      | XOM: summons 2 hostile demons
  2530 | D:3      | Reached XP level 5. HP: 25/47 MP: 6/6
  2684 | D:3      | XOM: enchant monster (bad)
  2798 | D:3      | XOM: harmless Erth miscast
  2803 | D:3      | XOM: smoke on damage
  2892 | D:3      | XOM: confusion (+ monsters)
  2914 | D:3      | XOM: scenery: create altars
  3489 | D:4      | Reached XP level 6. HP: 46/53 MP: 8/8
  3596 | D:4      | Reached skill level 5 in Armour
  3637 | D:4      | Noticed a phantom
  3640 | D:4      | XOM: noise
  3646 | D:4      | XOM: summons friendly ufetubus
  3649 | D:4      | Killed a phantom
  3676 | D:4      | XOM: god gift: viscous ruby potion {god gift}
  3718 | D:4      | Reached XP level 7. HP: 59/59 MP: 10/10
  3848 | D:4      | XOM: cloud trail
  4060 | D:5      | Entered Level 5 of the Dungeon
  4064 | D:5      | XOM: confuse monster(s)
  4134 | D:5      | Found a staircase to the Ecumenical Temple.
  4153 | D:5      | Noticed a hornet
  4162 | D:5      | HP: 1/60 [poisoned by a hornet]
  4163 | D:5      | Succumbed to a hornet's poison

Vault maps used:
D:1:      dpeg_cavernosity
D:2:      first_bread
D:3:      minmay_misc_feat_cross
D:4:      minmay_wonky_spiral
D:5:      minmay_temple_entry_crystal_x

Skill      XL: |  1  2  3  4  5  6  7 |
---------------+----------------------+-----
Invocations    | 1 2 |  2.8
Short Blades   | 1 2 |  2.5
Long Blades    | 1 2 |  2.5
Maces & Flails | 1 2 |  2.5
Polearms       | 1 2 |  2.5
Staves         | 1 2 |  2.5
Slings         | 1 2 |  2.5
Bows           | 1 2 |  2.5
Crossbows      | 1 2 |  2.5
Throwing       | 1 2 |  2.5
Stealth        | 1 2 |  2.5
Shields        | 1 2 |  2.5
Unarmed Combat | 1 2 |  2.5
Spellcasting   | 1 2 |  2.5
Evocations     | 1 2 |  2.5
Conjurations   | 1 2 |  2.0
Hexes          | 1 2 |  2.0
Charms         | 1 2 |  2.0
Summonings     | 1 2 |  2.0
Necromancy     | 1 2 |  2.0
Translocations | 1 2 |  2.0
Transmutations | 1 2 |  2.0
Fire Magic     | 1 2 |  2.0
Ice Magic      | 1 2 |  2.0
Air Magic      | 1 2 |  2.0
Earth Magic    | 1 2 |  2.0
Poison Magic   | 1 2 |  2.0
Dodging        | 3 |  3.6
Armour         | 5 |  5.2
Fighting       | 7 |  7.0
Axes           | 7 |  7.0

Action                   |  1- 3 |  4- 6 |  7- 9 || total
-------------------------+-------+-------+-------++-------
Melee: Hand axe          |    71 |   128 |       ||   199
       Short sword       |    66 |       |       ||    66
       Bite              |    14 |    21 |     2 ||    37
       Great sword       |     1 |       |       ||     1
       War axe           |       |    29 |    21 ||    50
       Punch             |       |       |     1 ||     1
  Use: Scroll            |     2 |     6 |       ||     8
       Potion            |       |     2 |     3 ||     5
 Stab: Paralysed         |     1 |     1 |       ||     2
       Sleeping          |     1 |     2 |     1 ||     4
       Confused          |       |     1 |       ||     1
       Distracted        |       |     1 |       ||     1
  Eat: Chunk             |     2 |     6 |     2 ||    10
       Fruit             |       |     1 |       ||     1
Armor: Leather armour    |    35 |    38 |     3 ||    76
Dodge: Dodged            |   105 |   103 |    20 ||   228

Table legend:
 A = Spawn XP
 B = Non-spawn XP
 C = Spawn XP percentage of total XP
 D = Spawn monster count
 E = Non-spawn monster count
 F = Spawn count percentage of total count
 G = Total turns spent on level
                    A         B        C        D         E        F      G
               +---------+---------+-------+---------+---------+-------+---------
         Total |       0 |     940 |   0.0 |       0 |     103 |   0.0 |  4163
               +---------+---------+-------+---------+---------+-------+---------
           D:1 |       0 |      50 |   0.0 |       0 |      30 |   0.0 |  1107
           D:2 |       0 |      70 |   0.0 |       0 |      23 |   0.0 |  1436
           D:3 |       0 |     152 |   0.0 |       0 |      33 |   0.0 |   915
           D:4 |       0 |     537 |   0.0 |       0 |      13 |   0.0 |   602
           D:5 |       0 |     131 |   0.0 |       0 |       4 |   0.0 |   103
               +---------+---------+-------+---------+---------+-------+---------
